 Dungeon Crawl Stone Soup version 0.27-a0-1188-g73eefd5def (webtiles) character file.

Game seed: 10741273519090017321

5490 st0uf the Geomancer (level 10, -6/50 HPs)
             Began as a Gargoyle Earth Elementalist on May 20, 2021.
             Was a Follower of Vehumet.
             Collided with a rock wall (18 damage)
             ... caused by Erica
             ... on level 9 of the Dungeon.
             The game lasted 00:32:25 (9484 turns).

st0uf the Geomancer (Gargoyle Earth Elementalist)   Turns: 9484, Time: 00:32:26

Health: -6/50      AC: 14    Str: 13    XL:     10   Next: 69%
Magic:  18/22      EV: 11    Int: 18    God:    Vehumet [*.....]
Gold:   396        SH:  0    Dex: 10    Spells: 13/25 levels left

rFire    . . .     SeeInvis .   K - staff of cold
rCold    + . .     Faith    .   (no shield)
rNeg     + . .     Spirit   .   x - +0 troll leather armour
rPois    ∞         Reflect  .   (no helmet)
rElec    +         Harm     .   w - +0 cloak
rCorr    .         Rampage  .   (no gloves)
Will     .....                  h - +0 pair of boots
Stlth    +++.......             a - amulet of magic regeneration
HPRegen  1.16/turn              (no ring)
MPRegen  0.43/turn              (no ring)

@: no status effects
A: sickness immunity, AC +7, negative energy resistance 1, electricity
resistance, torment resistance 1, petrification resistance
a: Renounce Religion


You were on level 9 of the Dungeon.
You worshipped Vehumet.
Vehumet was aware of your devotion.
You visited 2 branches of the dungeon, and saw 10 of its levels.

You collected 396 gold pieces.

Inventory:

Hand Weapons
 e - a +1 dagger of venom
 F - a +0 lajatang
Missiles
 b - 207 stones
Armour
 c - a +0 robe
 h - a +0 pair of boots (worn)
 o - a +0 ring mail
 w - a +0 cloak (worn)
 x - a +0 troll leather armour (worn)
 H - a +0 buckler
Magical Staves
 v - a staff of poison
 K - a staff of cold (weapon)
Jewellery
 a - an amulet of magic regeneration (around neck)
 g - an amulet of reflection
 u - a ring of ice
 G - a ring of protection from cold
Wands
 I - a wand of iceblast (6)
 J - a wand of digging (8)
 L - a wand of flame (17)
Scrolls
 i - 2 scrolls of fear {unknown}
 l - 4 scrolls of magic mapping {unknown}
 m - 10 scrolls of identify {unknown}
 p - a scroll of blinking {unknown}
 r - 4 scrolls of enchant weapon {unknown}
 s - a scroll of acquirement {unknown}
 y - 2 scrolls of immolation {unknown}
 B - 5 scrolls of noise {unknown}
 D - 2 scrolls of amnesia {unknown}
 E - a scroll of enchant armour {unknown}
Potions
 d - 4 potions of haste {unknown}
 f - 5 potions of heal wounds {unknown}
 j - 5 potions of curing {unknown}
 k - 2 potions of brilliance {unknown}
 n - 2 potions of lignification {unknown}
 q - 2 potions of berserk rage {unknown}
 t - 2 potions of might {unknown}
 z - a potion of invisibility {unknown}
 A - a potion of attraction {unknown}
 C - a potion of degeneration {unknown}


   Skills:
 + Level 5.4 Armour
 - Level 1.5 Dodging
 + Level 5.5 Stealth
 * Level 1.3 Shields
 + Level 8.0 Spellcasting
 * Level 8.4 Conjurations
 + Level 1.0 Transmutations
 * Level 1.2 Ice Magic
 + Level 9.8 Earth Magic
 * Level 1.2 Evocations


You had 13 spell levels left.
You knew the following spells:

 Your Spells              Type           Power      Damage    Failure   Level
a - Sandblast             Erth           84%        2d18      1%          1
b - Stone Arrow           Conj/Erth      80%        3d12      1%          3
c - Passwall              Tmut/Erth      21%        N/A       1%          2
d - Lee's Rapid Deconstr  Erth           21%        3d13*     6%          5
e - Freeze                Ice            68%        1d8       8%          1

Your spell library contained the following spells:

 Spells                   Type           Power      Damage    Failure   Level
 Summon Small Mammal      Summ           28%        N/A       12%         1
 Petrify                  Tmut/Erth      26%        N/A       13%         4
 Call Imp                 Summ           7%         N/A       19%         2
 Call Canine Familiar     Summ           7%         N/A       34%         3
 Summon Guardian Golem    Hex/Summ       7%         N/A       34%         3
 Summon Ice Beast         Ice/Summ       14%        N/A       67%         4
 Summon Lightning Spire   Summ/Air       7%         N/A       75%         4


Dungeon Overview and Level Annotations

Branches:
Dungeon (9/15)             Temple (1/1) D:4
   Lair: D:8-11         Orc: D:9-12

Altars:
Ashenzari
Cheibriados
Dithmenos
Elyvilon
Fedhas
Hepliaklqana
Kikubaaqudgha
Makhleb
Nemelex Xobeh
Okawaru
Qazlal
Ru
Sif Muna
Trog
Uskayaw
Vehumet
Wu Jian
Xom
Yredelemnul
Zin
The Shining One

Shops:
D:4 =   D:6 ***[

Annotations:
D:9 Erica


Innate Abilities, Weirdness & Mutations

You are immune to sickness and miasma.
Your stone body is resilient. (AC +7)
You are immune to poison.
You resist negative energy. (rN+)
You are resistant to electric shocks. (rElec)
You are resistant to unholy torment.
You are immune to petrification.


Message History

Erica flickers and vanishes!
Deactivating autopickup; reactivate with Ctrl-A.
There is a stone staircase leading up here.
You climb upwards.
Reactivating autopickup.
There is a stone staircase leading down here.
You start waiting.
Done waiting.
You climb downwards.
Level annotation: Erica
There is a stone staircase leading up here.
Casting: Stone Arrow (safe; 1% risk of failure)
Confirm with . or Enter, or press ? or * to list all spells.
You can't see any susceptible monsters within range! (Use Z to cast anyway.)
Casting: Stone Arrow (safe; 1% risk of failure)
Confirm with . or Enter, or press ? or * to list all spells.
Aiming: Stone Arrow (safe; 1% risk of failure)
Press: ? - help, Shift-Dir - straight line, f - Erica
Aim: Erica, wielding a +4 scimitar of flaming, wearing a +2 robe of positive energy and carrying a wand of paralysis (4) (73% to hit)
The stone arrow misses Erica.
Casting: Stone Arrow (safe; 1% risk of failure)
Confirm with . or Enter, or press ? or * to list all spells.
Aiming: Stone Arrow (safe; 1% risk of failure)
Press: ? - help, Shift-Dir - straight line, f/p - Erica
Aim: Erica, wielding a +4 scimitar of flaming, wearing a +2 robe of positive energy and carrying a wand of paralysis (4) (73% to hit)
The stone arrow misses Erica.
Erica points at you and mumbles some strange words.
The lance of force hits you!!
Ouch! That really hurt!
You are knocked back by the lance of force.
You slam into the rock wall!
Erica screams, "Die!"
Erica casts a spell at you. The bolt of poison misses you.
Erica casts a spell at you. The lance of force hits you!
* * * LOW HITPOINT WARNING * * *
You are knocked back by the lance of force.
You slam into the rock wall!
You die...

#....... #.......
#.......
###########).....c
#.................
#......)....######
#......).(..#
#..<.[.)....#
#@.÷@.......#
#...........#
#...........#
#...........#
#############


You could see Erica.

Vanquished Creatures
  A two-headed ogre (D:8)
  Psyche (D:8)
  A troll (D:5)
  A wraith (D:8)
  4 fire bats (D:8)
  A steam dragon (D:8)
  Duvessa (D:7)
  A hell hound (D:8)
  2 water moccasins
  An ice beast (D:8)
  2 orc warriors
  A sky beast (D:8)
  2 black bears
  A hornet zombie (D:5)
  A necrophage (D:6)
  5 ogres
  A centaur (D:9)
  2 phantoms
  A kobold brigand (D:5)
  2 bullfrogs
  3 gnoll sergeants
  A wyvern zombie (D:8)
  Dowan (D:7)
  2 scorpions
  4 killer bees (D:8)
  2 lava snakes (D:8)
  A centaur zombie (D:7)
  3 orc priests
  A bullfrog zombie (D:5)
  2 hounds (D:6)
  A jelly (D:4)
  A gnoll shaman (D:6)
  4 iguanas
  3 orc wizards
  Terence (D:3)
  A howler monkey zombie (D:8)
  22 gnolls
  7 adders
  2 shadow imps
  2 white imps (D:7)
  3 ufetubi
  2 adder zombies (D:1)
  A worm (D:3)
  4 dart slugs
  18 orcs
  2 bats
  7 endoplasms
  A giant cockroach (D:1)
  7 hobgoblins
  6 jackals
  5 quokkas
  3 ball pythons
  4 frilled lizards
  3 goblins (D:1)
  14 kobolds
  5 rats
  3 fire vortices (D:8)
184 creatures vanquished.

Notes
Turn   | Place    | Note
-------+----------+-------------------------------------------
     0 | D:1      | st0uf the Gargoyle Earth Elementalist began the quest for
                  | the Orb.
     0 | D:1      | Reached XP level 1. HP: 10/10 MP: 3/3
    70 | D:1      | Reached skill level 4 in Earth Magic
    70 | D:1      | Reached XP level 2. HP: 15/15 MP: 0/5
   549 | D:1      | Reached XP level 3. HP: 17/19 MP: 4/6
  1613 | D:2      | Reached XP level 4. HP: 19/24 MP: 8/8
  1752 | D:2      | Reached skill level 5 in Earth Magic
  1952 | D:2      | Learned a level 3 spell: Stone Arrow
  2406 | D:3      | Noticed an ogre
  2411 | D:3      | Killed an ogre
  2412 | D:3      | Reached skill level 1 in Conjurations
  2412 | D:3      | Reached XP level 5. HP: 28/28 MP: 6/10
  2439 | D:3      | Noticed a phantom
  2465 | D:3      | Killed a phantom
  2466 | D:3      | Reached XP level 6. HP: 16/32 MP: 6/11
  2800 | D:3      | Reached skill level 1 in Armour
  2859 | D:3      | Noticed Terence
  2864 | D:3      | Killed Terence
  3296 | D:4      | Found Igeihomm's Jewellery Shoppe.
  3357 | D:4      | Found a staircase to the Ecumenical Temple.
  3364 | Temple   | Entered the Ecumenical Temple
  3607 | D:4      | Reached XP level 7. HP: 31/36 MP: 13/13
  4166 | D:5      | Entered Level 5 of the Dungeon
  4187 | D:5      | Reached skill level 6 in Earth Magic
  4400 | D:5      | Reached XP level 8. HP: 17/41 MP: 12/15
  4888 | D:5      | Reached skill level 5 in Spellcasting
  4901 | D:5      | Reached skill level 7 in Earth Magic
  5466 | D:5      | Noticed a troll
  5473 | D:5      | Killed a troll
  5755 | D:6      | Reached XP level 9. HP: 45/45 MP: 11/17
  5757 | D:6      | Found Ackop's General Store.
  5765 | D:6      | Reached skill level 5 in Conjurations
  5806 | D:6      | Found Vuw Feta's Assorted Antiques.
  5806 | D:6      | Found Necoacle's Assorted Antiques.
  5811 | D:6      | Found Teukk's Antique Armour Emporium.
  6051 | D:6      | Learned a level 2 spell: Passwall
  6308 | D:6      | Found a shimmering altar of Xom.
  6316 | D:6      | Reached skill level 8 in Earth Magic
  6343 | D:6      | Found a basalt altar of Yredelemnul.
  6349 | D:6      | Found a white marble altar of Elyvilon.
  6744 | Temple   | Became a worshipper of Vehumet
  6899 | D:7      | Reached skill level 1 in Transmutations
  6911 | D:7      | Found a glowing silver altar of Zin.
  6911 | D:7      | Found an ornate altar of the Wu Jian Council.
  6911 | D:7      | Found a shadowy altar of Dithmenos.
  6911 | D:7      | Found a snail-covered altar of Cheibriados.
  6986 | D:7      | Noticed Duvessa
  6986 | D:7      | Noticed Dowan
  7540 | D:7      | Killed Duvessa
  7540 | D:7      | Killed Dowan
  7541 | D:7      | Reached skill level 5 in Armour
  8324 | D:8      | Noticed Psyche
  8330 | D:8      | Killed Psyche
  8331 | D:8      | Reached skill level 9 in Earth Magic
  8331 | D:8      | Reached XP level 10. HP: 50/50 MP: 11/20
  8460 | D:8      | Noticed a two-headed ogre
  8468 | D:8      | Killed a two-headed ogre
  8469 | D:8      | Reached skill level 5 in Stealth
  8668 | D:8      | Reached * piety under Vehumet
  8668 | D:8      | Offered knowledge of Freeze by Vehumet.
  8678 | D:8      | Learned a level 5 spell: Lee's Rapid Deconstruction
  8680 | D:8      | Learned a level 1 spell: Freeze
  8918 | D:8      | Reached skill level 1 in Evocations
  9124 | D:9      | Reached skill level 1 in Shields
  9150 | D:9      | Noticed Erica
  9168 | D:9      | Reached skill level 1 in Ice Magic
  9484 | D:9      | Collided with a rock wall

Illustrated notes

Levels and vault maps discovered:
D:1:      saegor_arrival_fortress, layout_basic, minmay_heptomino_h4
D:2:      layout_basic, chequers_decorated_corner
D:3:      layout_loops_ring, chequers_serial_rivers_room_b, uniq_terence
D:4:      layout_loops_ring, minmay_temple_entry_arrows, serial_shops,
          nicolae_shop_statue_plus, hex_large
D:5:      layout_basic
D:6:      layout_rooms, minmay_overflow_temple_star_quad,
          minmay_shop_grid_forest, mumra_transporter_accident,
          kennysheep_small_square
D:7:      layout_loops_ring, grunt_temple_overflow_cloverleaf, serial_aquarium,
          aquarium_bridge_straight [aquarium_subvault_bridge,
          aquarium_subvault_wall, aquarium_subvault_bridge,
          aquarium_subvault_window], aquarium_bridge_long_separate
          [aquarium_subvault_bridge, aquarium_subvault_wall,
          aquarium_subvault_wall, aquarium_subvault_bridge,
          aquarium_subvault_bridge, aquarium_subvault_bridge],
          aquarium_window_fake, aquarium_window_corner, aquarium_window_fake,
          aquarium_view_2d, uniq_duvessa
D:8:      minmay_spotlight, layout_loops_corners, hangedman_incinerator,
          uniq_psyche
D:9:      layout_small_grid, nicolae_gozag_cash_rules_everything_around_me,
          kennysheep_small_circle, uniq_erica
Temple:   jpeg_temple_clearing

Skill      XL: |  1  2  3  4  5  6  7  8  9 10 |
---------------+-------------------------------+-----
Earth Magic    | 4 5 6 7 9 |  9.8
Spellcasting   | 3 4 5 7 8 |  8.0
Stealth        | 3 4 5 |  5.5
Conjurations   | 1 2 3 4 7 8 |  8.4
Armour         | 1 3 4 5 |  5.4
Transmutations | 1 |  1.0
Evocations     | 1 |  1.2
Shields        | 1 |  1.3
Ice Magic      | 1 |  1.2
Dodging        | |  1.5

Action                   |  1- 3 |  4- 6 |  7- 9 | 10-12 || total
-------------------------+-------+-------+-------+-------++-------
Melee: Unarmed           |    25 |       |       |       ||    25
       Dagger            |    65 |   113 |   213 |       ||   391
 Cast: Sandblast         |    22 |    14 |    61 |    13 ||   110
       Stone Arrow       |       |       |    63 |    50 ||   113
       Passwall          |       |       |     2 |       ||     2
       Freeze            |       |       |       |     2 ||     2
 Stab: Sleeping          |     3 |     2 |     2 |       ||     7
Armor: Robe              |    38 |     3 |       |       ||    41
       Ring mail         |       |    38 |    76 |       ||   114
       Troll leather arm |       |       |    94 |    28 ||   122
Dodge: Dodged            |    59 |    45 |   145 |    16 ||   265

Table legend: (Time is in decaauts)
 A = Elapsed time spent in this place.
 B = Non-inter-level travel time spent in this place.
 C = Inter-level travel time spent in this place.
 D = Time resting spent in this place.
 E = Time spent auto-exploring this place.
 F = Levels seen in this place.
 G = Mean time per level.
                   A        B        C        D        E       F      G
               +--------+--------+--------+--------+--------+-----+--------+
         Total |   9492 |   9086 |    406 |   1322 |   6047 |  10 |  949.2 |
       Dungeon |   9375 |   9000 |    375 |   1322 |   5988 |   9 | 1041.7 |
        Temple |    117 |     87 |     30 |      0 |     59 |   1 |  117.0 |
               +--------+--------+--------+--------+--------+-----+--------+

Top non-repeatable levels by time:
     D:8: 1645 daAuts
     D:5: 1595 daAuts
     D:1: 1427 daAuts
     D:7: 1091 daAuts
     D:2: 934 daAuts
     D:3: 905 daAuts
     D:4: 865 daAuts
     D:6: 792 daAuts
     D:9: 117 daAuts
  Temple: 117 daAuts
